AoeStats
← rooster

Arabia

506295652Analyzed
1v1 RM · 21d ago on Sep 13, 2026· 33m 16s· 2 players
Game mode
Random Map
Map size
Tiny (2 player)
Population
200
Speed
Normal
Resources
Standard
Victory
Conquest
Starting age
Dark Age
Ending age
Imperial Age
RankedLock teamsTeams togetherTeam positionsShared explorationLock speedFull tech treeHidden civsTurbo modeCheats
Victory
Defeat
🇦🇺 Koreans · Australia
1096
+14
🇦🇷 Bulgarians · Argentina
1059
-14
Jachi
7:02 Loom
9:46 Feudal Age
10:13 Double-Bit Axe
12:05 Town Watch
17:57 Wheelbarrow
18:09 Horse Collar
25:07 Castle Age
24:37 Fletching
24:50 Arson
25:39 Scale Barding Armor
25:59 Bow Saw
26:23 Husbandry
27:13 Bloodlines
27:26 Chain Barding Armor
29:53 Bodkin Arrow
30:27 Gambesons
31:58 Forging
32:30 Hand Cart
rooster
7:27 Loom
9:48 Feudal Age
15:08 Double-Bit Axe
16:25 Fletching
25:07 Castle Age
25:44 Bodkin Arrow
25:19 Crossbowman
26:30 Thumb Ring
33:53 Ballistics
Connection lost

Rejoining the realm…

Still unreachable

The connection could not be restored.

Session expired

The server has moved on; the page needs a fresh start.